 Dungeon Crawl Stone Soup version 0.29.0-11-gd7f09526c8 (webtiles) character file.

Game seed: 15667557393446631041

9 SnakkuSnakku7 the Sneak (level 2, -2/24 HPs)
             Began as a Human Delver on Sept 7, 2022.
             Slain by an orc priest
             ... wielding a +0 whip
              (3 damage)
             ... on level 5 of the Dungeon.
             The game lasted 00:01:37 (240 turns).

SnakkuSnakku7 the Sneak (Human Delver)               Turns: 240, Time: 00:01:37

Health: -2/24      AC:  3    Str: 12    XL:     2   Next: 20%
Magic:  2/2        EV: 12    Int: 10    God:
Gold:   0          SH:  0    Dex: 14    Spells: 1/1 levels left

rFire   . . .      SeeInvis .   e - +0 trident
rCold   . . .      Faith    .   (no shield)
rNeg    . . .      Spirit   .   b - +0 leather armour
rPois   .          Reflect  .   (no helmet)
rElec   .          Harm     .   (no cloak)
rCorr   .          Rampage  .   (no gloves)
Will    .....                   (no boots)
Stlth   +.........              (no amulet)
HPRegen 0.08/turn               (no ring)
MPRegen 0.08/turn               (no ring)

@: confused
A: no striking features
a: no special abilities


You were on level 5 of the Dungeon.
You visited 1 branch of the dungeon, and saw 1 of its levels.

Inventory:

Hand Weapons
 a - a +0 spear
 e - a +0 trident (weapon)
Armour
 b - a +0 leather armour (worn)
Wands
 g - a wand of digging (3)
Scrolls
 d - a scroll of magic mapping


   Skills:
 - Level 3.1 Fighting
 + Level 2.2 Polearms
 - Level 2.2 Dodging
 - Level 5.1 Stealth


You had one spell level left.
You didn't know any spells.
Your spell library was empty.

Dungeon Overview and Level Annotations

Branches:
Dungeon (5/15)
 Temple: D:4-7

Altars:

Annotations:
D:5 Dowan, Duvessa


Message History

An iguana is nearby!
Found 5 gold pieces.
Dowan, Brother of Duvessa comes into view.
He is wielding a +0 dagger.
Dowan gestures at you while chanting. The puff of flame hits you.
Duvessa, Sister of Dowan comes into view.
She is wielding a +0 rapier.
As you read the scroll of fog, it crumbles to dust.
The scroll dissolves into smoke.
Found 13 gold pieces.
An orc wizard and an orc priest come into view.
The orc priest shouts!
The orc wizard shouts!
You hear a shout! x3
The orc wizard mumbles some strange words.
The orc wizard flickers and vanishes!
Deactivating autopickup; reactivate with Ctrl-A.
An orc wizard comes into view. It is wielding a +0 dagger.
The orc wizard shouts!
You hear a shout!
The orc wizard gestures wildly while chanting.
The orc wizard flickers and vanishes!
The orc priest barely misses you.
Dowan gestures wildly while chanting.
Dowan blinks!
An orc priest comes into view. It is wielding a +0 mace.
You hear some strange, mumbled words.
You are confused.
The orc priest moves out of view.
You bump into the rock wall.
The orc priest hits you with a +0 whip.
* * * LOW HITPOINT WARNING * * *
Dowan gestures at Duvessa while chanting.
Duvessa seems to speed up.
You bump into the rock wall.
The orc priest barely misses you.
You hear some strange, mumbled words.
A magic dart appears from out of thin air!
The magic dart hits you.
* * * LOW HITPOINT WARNING * * *
You're too confused to move!
The orc priest misses you.
You closely miss something.
The orc priest mumbles some strange prayers to Beogh against you.
Pain shoots through your body!
* * * LOW HITPOINT WARNING * * *
Something barely misses you. The orc priest hits you with a +0 whip.
You die...

#...............
#......§§§.......
.......##§§§#.....
.$...####§§§##
.... ....# #.§.##
.. ...# ##..##
#..#####e.##
#...#..oe##
#....@...#
#...###o.# #.#
#$.... #. ##..###
###


You could see Duvessa (fast), Dowan and 2 orc priests.

Vanquished Creatures
  An adder (D:5)
1 creature vanquished.

Notes
Turn   | Place    | Note
-------+----------+-------------------------------------------
     0 | D:5      | SnakkuSnakku7 the Human Delver began the quest for the Orb.
     0 | D:5      | Reached XP level 1. HP: 18/18 MP: 1/1
     0 | D:5      | Noticed a scorpion
    17 | D:5      | Noticed an iguana
    20 | D:5      | Noticed an iguana
    32 | D:5      | Reached XP level 2. HP: 5/24 MP: 2/2
    35 | D:5      | HP: 1/24 [poisoned by an adder]
   224 | D:5      | Noticed Dowan
   225 | D:5      | Noticed Duvessa
   240 | D:5      | HP: 1/24 [orc priest/nerve-wracking pain (1)]
   240 | D:5      | Slain by an orc priest

Illustrated notes

Levels and vault maps discovered:
D:5:      dreamdust_elfheim, layout_layer_cave, tgw_trog, grunt_ministairs_1,
          uniq_crazy_yiuf_cottage

Action                   || total
-------------------------++-------
Melee: Spear             ||     4
       Trident           ||     1
  Use: Scroll            ||     2
       Potion            ||     1
Dodge: Dodged            ||     9
